 Dungeon Crawl Stone Soup version 0.31.0-11-ge490571c62 (webtiles) character file.

Game seed: 10831451841173764866

49 Silvore the Trooper (level 3, 0/29 HPs)
             Began as a Demonspawn Fighter on Feb 9, 2024.
             Succumbed to an adder's poison
             ... on level 2 of the Dungeon.
             The game lasted 00:01:43 (1063 turns).

Silvore the Trooper (Demonspawn Fighter)            Turns: 1063, Time: 00:01:43

Health: 0/29       AC:  6    Str: 18    XL:     3   Next: 53%
Magic:  1/3        EV:  9    Int:  8    God:
Gold:   52         SH:  5    Dex: 12    Spells: 2/2 levels left

rFire   . . .        a - +1 long sword (heavy)
rCold   . . .        c - +1 buckler
rNeg    . . .        b - +0 scale mail
rPois   .            (no helmet)
rElec   .            (no cloak)
rCorr   .            (no gloves)
SInv    .            (no boots)
Will    .....        (no amulet) Stlth
                     (no ring)
HPRegen 0.24/turn    (no ring)
MPRegen 0.16/turn

%: guardian spirit
@: lethally poisoned (0 -> -4)
A: magic shield, magic regeneration
a: no special abilities


You were on level 2 of the Dungeon.
You visited 1 branch of the dungeon, and saw 2 of its levels.

You collected 52 gold pieces.

Inventory:

Hand Weapons
 a - a +1 heavy long sword (weapon)
Armour
 b - a +0 scale mail (worn)
 c - a +1 buckler (worn)
Scrolls
 f - a scroll of enchant weapon
 k - 2 scrolls of identify
Potions
 d - a potion of might
 e - a potion of heal wounds {unknown}
 i - a potion of attraction


   Skills:
 + Level 3.3 Fighting
 + Level 2.3 Long Blades
 + Level 3.2 Armour
 + Level 0.3 Dodging
 + Level 2.9 Shields


You had 2 spell levels left.
You didn't know any spells.
Your spell library was empty.

Dungeon Overview and Level Annotations

Branches:
Dungeon (2/15)

Altars:

Shops:
D:1 *


Innate Abilities, Weirdness & Mutations

When hurt, damage is shared between your health and your magic reserves.
You regenerate magic rapidly.


Message History

A gnoll comes into view. It is wielding a +0 spear.
The adder closely misses you. x2
You closely miss the adder.
The adder is heavily wounded.
The gnoll shouts!
You hear a shout!
You block the adder's attack. The adder closely misses you.
The adder barely misses you.
You barely miss the adder.
The adder is heavily wounded.
A gnoll comes into view.
It is wielding a +0 flail of holy wrath.
The adder closely misses you. The adder bites you but does no damage.
You barely miss the adder.
The adder is heavily wounded.
The adder misses you. The gnoll hits you but does no damage.
The adder bites you but does no damage.
A gnoll comes into view. It is wielding a +0 whip.
A gnoll comes into view.
It is wielding a +2 whip of electrocution.
The gnoll closely misses you. The adder closely misses you.
You miss the adder.
The adder is heavily wounded.
The gnoll shouts! x2; You hear an angry hiss.
A giant cockroach comes into view.
You block the adder's attack. The gnoll hits you but does no damage.
The adder bites you.
You are poisoned.
The adder poisons you!
The gnoll hits you from afar with a +0 spear.
A hobgoblin comes into view.
You closely miss the adder.
The adder is heavily wounded.
You feel very sick.
An adder comes into view.
The adder bites you.
The gnoll hits you from afar with a +0 spear.
The adder bites you but does no damage. The gnoll closely misses you.
The gnoll hits you with a +0 flail of holy wrath.
* * * LOW HITPOINT WARNING * * *
You convulse!
* * * LOW HITPOINT WARNING * * *
You die...

...........#### ##
..............# #.###
...........##.#......
.>.........##.#......
...........##.#......
...........##.....S..
.............S..g....
.......†...$@.gggB...
...........#####..g..
########..## ...
#.....# . #.###...#
#.#........
#.##.##....#.....
#.##.#####.#.....
#.##.##........#


You could see 4 gnolls, 2 adders, a giant cockroach and a hobgoblin.

Vanquished Creatures
  A gnoll (D:1)
  4 endoplasms
  A giant cockroach (D:2)
  2 goblins (D:1)
  6 hobgoblins
  8 jackals
  2 kobolds (D:1)
  2 quokkas
  A ball python (D:2)
  3 bats
  A frilled lizard (D:1)
  2 rats (D:1)
33 creatures vanquished.

Notes
Turn   | Place    | Note
-------+----------+-------------------------------------------
     0 | D:1      | Silvore the Demonspawn Fighter began the quest for the Orb.
     0 | D:1      | Reached XP level 1. HP: 18/18 MP: 1/1
    74 | D:1      | Found Etzycigh's General Store.
   295 | D:1      | Gained mutation: You regenerate magic rapidly. [demonic
                  | ancestry]
   295 | D:1      | Reached XP level 2. HP: 18/24 MP: 2/2
   632 | D:1      | Gained mutation: When hurt, damage is shared between your
                  | health and your magic reserves. [demonic ancestry]
   632 | D:1      | Reached XP level 3. HP: 22/29 MP: 3/3
  1062 | D:2      | HP: 1/29 [gnoll/+0 flail of holy wrath (7)]
  1063 | D:2      | Succumbed to an adder's poison

Illustrated notes

Levels and vault maps discovered:
D:1:      dpeg_arrival_morbid_curiosity, layout_loops_ring, serial_shops, shop,
          minmay_misc_feat_encased, st_stairs_7
D:2:      layout_basic, uniq_jessica, uniq_sigmund, uniq_terence

Skill      XL: |  1  2  3 |
---------------+----------+-----
Armour         | 3 |  3.2
Long Blades    | 2 |  2.3
Fighting       | |  3.3
Dodging        | |  0.3
Shields        | |  2.9

Action                     || total
---------------------------++-------
  Melee: Long sword        ||   107
    Use: Scroll            ||     7
 Armour: Scale mail        ||   108
  Dodge: Dodged            ||    69
  Block: Buckler           ||    27
